MONTREAL Canadiens vs BUFFALO Sabres

Created - 1 mai 2024 at 23:04

Goals
1 2 3 T
MONTREAL Canadiens 1 1 2 4
BUFFALO Sabres 3 1 1 5
Shots
1 2 3 T
MONTREAL Canadiens 8 8 6 22
BUFFALO Sabres 13 12 14 39

1st period

1. BUFFALO Sabres , Ryan Graves 1 (Jesper Bratt 1, Filip Hronek 1) at 8:04
2. BUFFALO Sabres , Tage Thompson 1 (Jakob Chychrun 1, Patrick Kane 1) at 10:59
3. MONTREAL Canadiens , Zach Parise 1 (Marc-Edouard Vlasic 1) at 17:48
4. BUFFALO Sabres , Jack Eichel 2 (Alex Tuch 2, Filip Hronek 2) at 19:23

Penalties :
Marco Scandella (MTL) for Interference (Minor) at 5:48, David Savard (MTL) for Interference (Minor) at 14:42

2nd period

5. BUFFALO Sabres , Alex Tuch 1 (Filip Hronek 3, Jack Eichel 1) at 6:03
6. MONTREAL Canadiens , Cole Caufield 1 (Pierre-Luc Dubois 1, Anthony Beauvillier 1) at 7:40

Penalties :
Jesper Bratt (BUF) for Delaying the game (Minor) at 0:40, Anthony Beauvillier (MTL) for Interference (Minor) at 8:59, Jeremy Lauzon (MTL) for Tripping (Minor) at 14:18, David Savard (MTL) for Holding (Minor) at 19:06

3rd period

7. MONTREAL Canadiens , Marc-Edouard Vlasic 1 (Phillip Danault 1, Zach Parise 2) at 6:33 (PP)
8. MONTREAL Canadiens , Joe Veleno 1 (Marco Scandella 1) at 12:50
9. BUFFALO Sabres , Jesper Bratt 1 (Jonas Brodin 1, Ivan Provorov 3) at 18:58

Penalties :
Marc-Edouard Vlasic (MTL) for Roughing (Minor) at 4:17, Alex Tuch (BUF) for Holding Stick (Minor) at 4:38, Jack Eichel (BUF) for Roughing (Minor) at 10:30

Goalie Stats

Jordan Binnington (MTL), 34 saves from 39 shots - (0,872), L, 1-1-0, 59:57 minutes
Igor Shesterkin (BUF), 18 saves from 22 shots - (0,818), W, 1-1-0, 60:00 minutes

Players Stats for MONTREAL Canadiens

Player Name              G  A  P  +/- PIM S  H  SB GA TA FO     MP     PP MP  PK MP  
------------------------------------------------------------------------------------
Alexis Lafrenière        0  0  0   0  0   2  1  0  0  0  2/2     9:45   0:00   1:04 
Anthony Beauvillier      0  1  1  -2  2   2  2  1  0  0  0/3    20:35   1:50   2:44 
Anthony Mantha           0  0  0   0  0   0  1  0  0  0  0/2    11:56   0:00   0:00 
Arthur Kaliyev           0  0  0   0  0   0  0  0  0  0  0/0     6:34   0:00   0:00 
Cole Caufield            1  0  1  -2  0   1  2  0  0  0  1/2    19:56   1:50   0:00 
David Savard             0  0  0  -1  4   1  1  1  0  0  0/0    21:47   2:09   3:04 
Jeremy Lauzon            0  0  0   0  2   1  3  2  0  0  0/0    14:55   0:00   4:29 
Joe Veleno               1  0  1   0  0   2  1  1  0  0  5/10    9:48   0:00   3:14 
Marc-Edouard Vlasic      1  1  2  -1  2   1  2  2  0  0  0/0    24:00   2:09   5:17 
Marco Scandella          0  1  1   0  2   1  0  0  0  0  0/0    14:59   0:00   4:21 
Michael Amadio           0  0  0   0  0   0  1  0  0  0  0/0     8:41   0:00   0:00 
Mike Matheson            0  0  0  -1  0   1  2  2  0  0  0/0    23:42   2:06   3:21 
Nicolas Roy              0  0  0   0  0   0  1  0  0  0  7/10   18:30   2:25   6:34 
Noah Dobson              0  0  0  -1  0   1  1  3  0  0  0/0    20:32   2:06   0:00 
Phillip Danault          0  1  1   0  0   2  2  0  0  0  17/32  21:29   2:25   6:56 
Pierre-Luc Dubois        0  1  1  -2  0   2  1  0  0  0  9/25   19:56   1:50   0:00 
William Carrier          0  0  0   0  0   0  1  0  0  0  0/0     6:34   0:00   0:00 
Zach Parise              1  1  2   0  0   5  0  0  0  0  1/2    14:21   2:25   0:00 

Players Stats for BUFFALO Sabres

Player Name              G  A  P  +/- PIM S  H  SB GA TA FO     MP     PP MP  PK MP  
------------------------------------------------------------------------------------
Alex Tuch                1  1  2   1  2   6  1  0  0  0  0/1    21:59   6:00   1:12 
Brett Kulak              0  0  0   1  0   0  5  0  0  0  0/0    15:46   0:00   2:10 
Curtis Lazar             0  0  0   0  0   0  0  0  0  0  0/1     7:04   0:00   0:11 
Filip Hronek             0  3  3   2  0   4  0  1  0  0  0/0    20:19   5:13   0:00 
Ivan Provorov            0  1  1  -1  0   4  1  0  0  0  0/0    23:55   5:03   2:05 
Jack Eichel              1  1  2   1  2   1  3  0  0  0  15/29  21:05   6:01   0:00 
Jakob Chychrun           0  1  1   1  0   0  0  0  0  0  0/0    13:36   0:00   0:00 
Jesper Bratt             1  1  2   0  2   4  1  0  0  0  0/1    17:44   4:15   0:00 
Jonas Brodin             0  1  1  -1  0   2  2  0  0  0  0/0    23:55   5:03   2:05 
Logan O'Connor           0  0  0   1  0   1  3  1  0  0  2/2    12:02   0:00   3:03 
Mason McTavish           0  0  0   0  0   0  0  0  0  0  0/0     6:53   0:00   0:00 
Nick Bjugstad            0  0  0   0  0   0  0  0  0  0  3/6     8:58   0:00   1:41 
Nico Hischier            0  0  0   0  0   3  0  0  0  0  20/32  21:34   4:15   2:23 
Patrick Kane             0  1  1   1  0   2  1  0  0  0  1/3    14:36   6:01   0:00 
Ryan Graves              1  0  1   2  0   4  1  0  0  0  0/0    22:29   5:13   2:10 
Seth Jarvis              0  0  0   1  0   1  2  0  0  0  0/0    14:47   0:00   0:00 
Tage Thompson            1  0  1   1  0   5  0  0  0  0  5/11    8:35   0:00   0:00 
Valeri Nichushkin        0  0  0   0  0   2  1  0  0  0  0/2    18:47   4:15   0:00 

3 Stars

1 - Filip Hronek (BUF)
2 - Jack Eichel (BUF)
3 - Ryan Graves (BUF)

Power Play

MONTREAL Canadiens - 1 on 3 Attempt(s) - 33,33%
BUFFALO Sabres - 0 on 6 Attempt(s) - 0,00%

Penalty Kill

MONTREAL Canadiens - 6 on 6 Attempt(s) - 100,00% - Score 0 goal in Penalty Kill
BUFFALO Sabres - 2 on 3 Attempt(s) - 66,67% - Score 0 goal in Penalty Kill

Team Stat

MONTREAL Canadiens - Hits : 22 - Faceoff Wins : 42 - Blocked Shots : 12 - Penalty Minutes : 12
BUFFALO Sabres - Hits : 21 - Faceoff Wins : 46 - Blocked Shots : 2 - Penalty Minutes : 6

Official

Referees : Beaudry Halkidis and MacKenzie Welter
Linesman : Jesse Marquis and Trent Knorr

Game Notes

No Game Note

Finance

Level 1 -- Attendance: 5708 (95,13%) -- Ticket Income $570,800
Level 2 -- Attendance: 5000 (100,00%) -- Ticket Income $300,000
Level 3 -- Attendance: 2000 (100,00%) -- Ticket Income $70,000
Level 4 -- Attendance: 4000 (100,00%) -- Ticket Income $80,000
Luxury Box -- Attendance: 976 (97,60%) -- Ticket Income $195,200
Game was played at the First Niagara Center.
Total Attendance: 17684 (98,24%)
Total Ticket Income: $1,216,000
Other Income: $304,000
Total Income: $1,520,000

MONTREAL Canadiens

5 vs 5 Forward 
   Center                   Left Wing                Right Wing               Time % Phy DF OF 
 1 Pierre-Luc Dubois        Cole Caufield            Anthony Beauvillier      40     1   2  2  
 2 Phillip Danault          Zach Parise              Anthony Mantha           30     1   2  2  
 3 Nicolas Roy              Alexis Lafrenière        Michael Amadio           20     1   2  2  
 4 Joe Veleno               William Carrier          Arthur Kaliyev           10     1   2  2  

5 vs 5 Defense 
   Defense                  Defense                                           Time % Phy DF OF 
 1 Noah Dobson              Mike Matheson                                     40     1   2  2  
 2 David Savard             Marc-Edouard Vlasic                               40     1   2  2  
 3 Marco Scandella          Jeremy Lauzon                                     10     1   2  2  
 4 Noah Dobson              Mike Matheson                                     10     1   2  2  

PowerPlay Forward 
   Center                   Left Wing                Right Wing               Time % Phy DF OF 
 1 Pierre-Luc Dubois        Cole Caufield            Anthony Beauvillier      70     1   2  2  
 2 Phillip Danault          Zach Parise              Nicolas Roy              30     1   2  2  

PowerPlay Defense
   Defense                  Defense                                           Time % Phy DF OF 
 1 Noah Dobson              Mike Matheson                                     70     1   2  2  
 2 David Savard             Marc-Edouard Vlasic                               30     1   2  2  

Penalty Kill 4 Players Forward 
   Center                   Wing                     Time % Phy DF OF 
 1 Phillip Danault          Nicolas Roy              60     1   2  2  
 2 Joe Veleno               Anthony Beauvillier      40     1   2  2  

Penalty Kill 4 Players Defense
   Defense                  Defense                  Time % Phy DF OF 
 1 David Savard             Marc-Edouard Vlasic      60     1   2  2  
 2 Marco Scandella          Jeremy Lauzon            40     1   2  2  

Penalty Kill - 3 Players Forward 
   Forward                                           Time % Phy DF OF 
 1 Phillip Danault                                   60     1   2  2  
 2 Nicolas Roy                                       40     1   2  2  

Penalty Kill - 3 Players Defense
   Defense                  Defense                  Time % Phy DF OF 
 1 David Savard             Marc-Edouard Vlasic      60     1   2  2  
 2 Marco Scandella          Jeremy Lauzon            40     1   2  2  

4 vs 4 Forward 
   Center                   Wing                     Time % Phy DF OF 
 1 Pierre-Luc Dubois        Cole Caufield            60     1   2  2  
 2 Phillip Danault          Nicolas Roy              40     1   2  2  

4 vs 4 Defense
   Defense                  Defense                  Time % Phy DF OF 
 1 Noah Dobson              Mike Matheson            60     1   2  2  
 2 David Savard             Marc-Edouard Vlasic      40     1   2  2  

Last Minutes Offensive
   Center                   Left Wing                Right Wing               Defense                  Defense                  
   Pierre-Luc Dubois        Cole Caufield            Nicolas Roy              Noah Dobson              Mike Matheson            

Last Minutes Defensive
   Center                   Left Wing                Right Wing               Defense                  Defense                  
   Phillip Danault          Anthony Beauvillier      Nicolas Roy              David Savard             Marc-Edouard Vlasic      

Goaltenders
Starting : Jordan Binnington        
Backup : Petr Mrazek              

Extra Forwards
Normal : Alexis Lafrenière, Anthony Mantha, Zach Parise - PP : Cole Caufield, Michael Amadio - PK : Alexis Lafrenière
Extra Defensemen
Normal : Marco Scandella, Marc-Edouard Vlasic, David Savard - PP : Marco Scandella - PK : Marc-Edouard Vlasic, David Savard
Penalty Shots
Phillip Danault, Cole Caufield, Pierre-Luc Dubois, Anthony Beauvillier, Nicolas Roy

Scratches
Max Comtois (Healthy), Simon Benoit (Healthy), Luke Evangelista (Healthy)

BUFFALO Sabres

5 vs 5 Forward 
   Center                   Left Wing                Right Wing               Time % Phy DF OF 
 1 Jack Eichel              Alex Tuch                Seth Jarvis              37     0   2  3  
 2 Nico Hischier            Valeri Nichushkin        Jesper Bratt             33     0   2  3  
 3 Tage Thompson            Logan O'Connor           Patrick Kane             20     1   2  2  
 4 Nick Bjugstad            Mason McTavish           Curtis Lazar             10     1   2  2  

5 vs 5 Defense 
   Defense                  Defense                                           Time % Phy DF OF 
 1 Ivan Provorov            Jonas Brodin                                      40     1   2  2  
 2 Ryan Graves              Filip Hronek                                      30     1   2  2  
 3 Jakob Chychrun           Brett Kulak                                       20     1   3  1  
 4 Ivan Provorov            Jonas Brodin                                      10     1   3  1  

PowerPlay Forward 
   Center                   Left Wing                Right Wing               Time % Phy DF OF 
 1 Jack Eichel              Alex Tuch                Patrick Kane             60     1   2  2  
 2 Nico Hischier            Valeri Nichushkin        Jesper Bratt             40     1   2  2  

PowerPlay Defense
   Defense                  Defense                                           Time % Phy DF OF 
 1 Ivan Provorov            Jonas Brodin                                      60     1   2  2  
 2 Ryan Graves              Filip Hronek                                      40     1   2  2  

Penalty Kill 4 Players Forward 
   Center                   Wing                     Time % Phy DF OF 
 1 Nico Hischier            Logan O'Connor           60     1   2  2  
 2 Nick Bjugstad            Alex Tuch                40     1   2  2  

Penalty Kill 4 Players Defense
   Defense                  Defense                  Time % Phy DF OF 
 1 Ivan Provorov            Jonas Brodin             60     1   2  2  
 2 Brett Kulak              Ryan Graves              40     1   2  2  

Penalty Kill - 3 Players Forward 
   Forward                                           Time % Phy DF OF 
 1 Nico Hischier                                     60     1   2  2  
 2 Nick Bjugstad                                     40     1   2  2  

Penalty Kill - 3 Players Defense
   Defense                  Defense                  Time % Phy DF OF 
 1 Ivan Provorov            Jonas Brodin             60     1   2  2  
 2 Brett Kulak              Ryan Graves              40     1   2  2  

4 vs 4 Forward 
   Center                   Wing                     Time % Phy DF OF 
 1 Nico Hischier            Valeri Nichushkin        60     1   2  2  
 2 Jack Eichel              Jesper Bratt             40     1   2  2  

4 vs 4 Defense
   Defense                  Defense                  Time % Phy DF OF 
 1 Ivan Provorov            Jonas Brodin             60     1   2  2  
 2 Ryan Graves              Filip Hronek             40     1   2  2  

Last Minutes Offensive
   Center                   Left Wing                Right Wing               Defense                  Defense                  
   Nico Hischier            Alex Tuch                Jesper Bratt             Ivan Provorov            Jonas Brodin             

Last Minutes Defensive
   Center                   Left Wing                Right Wing               Defense                  Defense                  
   Nico Hischier            Logan O'Connor           Nick Bjugstad            Ivan Provorov            Jonas Brodin             

Goaltenders
Starting : Igor Shesterkin          
Backup : Connor Ingram            

Extra Forwards
Normal : Jack Eichel, Nico Hischier, Tage Thompson - PP : Jack Eichel, Nico Hischier - PK : Nico Hischier
Extra Defensemen
Normal : Ivan Provorov, Jonas Brodin, Jakob Chychrun - PP : Ivan Provorov - PK : Ryan Graves, Jonas Brodin
Penalty Shots
Nico Hischier, Tage Thompson, Alex Tuch, Jesper Bratt, Jack Eichel

Scratches
Henri Jokiharju (Healthy)

% Time on Ice - MONTREAL Canadiens

Lines # - Real PCT - Wanted PCT - Time Play
Normal Forward
1 - 37% - 40% - 16:02
2 - 28% - 30% - 11:56
3 - 20% - 20% - 8:41
4 - 15% - 10% - 6:34
Normal Defense
1 - 36% - 40% - 15:43
2 - 38% - 40% - 16:24
3 - 24% - 10% - 10:27
4 - 2% - 10% - 0:39
PP Forward
1 - 43% - 70% - 1:50
2 - 57% - 30% - 2:25
PP Defense
1 - 49% - 70% - 2:06
2 - 51% - 30% - 2:09
PK Forward
1 - 69% - 60% - 7:02
2 - 31% - 40% - 3:14
PK Defense
1 - 42% - 60% - 4:20
2 - 58% - 40% - 5:56
PK3 Forward
1 - 0% - 60%
2 - 0% - 40%
PK3 Defense
1 - 0% - 60%
2 - 0% - 40%
44 Forward
1 - 88% - 60% - 1:26
2 - 12% - 40% - 0:12
44 Defense
1 - 88% - 60% - 1:26
2 - 12% - 40% - 0:12
Last Minute Offensive  - 0:38
Last Minute Defensive  - 0:00
Total
Forward - 60:00
Defense - 60:00

% Time on Ice - BUFFALO Sabres

Lines # - Real PCT - Wanted PCT - Time Play
Normal Forward
1 - 34% - 37% - 14:47
2 - 30% - 33% - 13:12
3 - 20% - 20% - 8:35
4 - 16% - 10% - 6:53
Normal Defense
1 - 35% - 40% - 15:08
2 - 33% - 30% - 14:19
3 - 31% - 20% - 13:36
4 - 1% - 10% - 0:24
PP Forward
1 - 59% - 60% - 6:01
2 - 41% - 40% - 4:15
PP Defense
1 - 49% - 60% - 5:03
2 - 51% - 40% - 5:13
PK Forward
1 - 77% - 60% - 3:17
2 - 23% - 40% - 0:58
PK Defense
1 - 49% - 60% - 2:05
2 - 51% - 40% - 2:10
PK3 Forward
1 - 0% - 60%
2 - 0% - 40%
PK3 Defense
1 - 0% - 60%
2 - 0% - 40%
44 Forward
1 - 82% - 60% - 1:20
2 - 18% - 40% - 0:18
44 Defense
1 - 52% - 60% - 0:51
2 - 48% - 40% - 0:47
Last Minute Offensive  - 0:00
Last Minute Defensive  - 0:24
Total
Forward - 60:00
Defense - 60:00

Play-by-Play

1st period


0:01 of 1st period - Jack Eichel wins face-off versus Pierre-Luc Dubois in neutral zone.
0:04 of 1st period - Mike Matheson is hit by Jack Eichel and loses puck.
1:12 of 1st period - Icing by Ryan Graves.
1:13 of 1st period - Nico Hischier wins face-off versus Anthony Mantha in BUFFALO Sabres zone.
1:18 of 1st period - Shot by Jesper Bratt.
1:18 of 1st period - Shot Misses the Net.
1:20 of 1st period - Shot by Nico Hischier.
1:20 of 1st period - Shot Blocked by David Savard.
1:56 of 1st period - Off-side.
1:57 of 1st period - Tage Thompson wins face-off versus Nicolas Roy in neutral zone.
1:57 of 1st period - Tage Thompson is hit by Alexis Lafrenière.
2:00 of 1st period - Off-side.
2:01 of 1st period - Alexis Lafrenière wins face-off versus Tage Thompson in neutral zone.
2:18 of 1st period - Shot by Nicolas Roy.
2:18 of 1st period - Deflect By Alexis Lafrenière.
2:18 of 1st period - Shot Misses the Net.
2:42 of 1st period - Shot by Alexis Lafrenière.
2:42 of 1st period - Deflect By Nicolas Roy.
2:42 of 1st period - Shot Misses the Net.
2:44 of 1st period - Shot by Jeremy Lauzon.
2:44 of 1st period - Stopped by Igor Shesterkin without a rebound.
2:45 of 1st period - Joe Veleno wins face-off versus Curtis Lazar in BUFFALO Sabres zone.
2:58 of 1st period - Shot by Joe Veleno.
2:58 of 1st period - Stopped by Igor Shesterkin without a rebound.
2:59 of 1st period - Phillip Danault wins face-off versus Jack Eichel in BUFFALO Sabres zone.
3:15 of 1st period - Shot by Zach Parise.
3:15 of 1st period - Shot Misses the Net.
3:37 of 1st period - Shot by Zach Parise.
3:37 of 1st period - Stopped by Igor Shesterkin without a rebound.
3:38 of 1st period - Pierre-Luc Dubois wins face-off versus Nico Hischier in BUFFALO Sabres zone.
4:10 of 1st period - Shot by Jesper Bratt.
4:10 of 1st period - Stopped by Jordan Binnington with a rebound.
4:18 of 1st period - Shot by Valeri Nichushkin.
4:18 of 1st period - Shot Misses the Net.
5:06 of 1st period - Shot by Curtis Lazar.
5:06 of 1st period - Shot Blocked by Mike Matheson.
5:08 of 1st period - Shot by Brett Kulak.
5:08 of 1st period - Shot Blocked by Joe Veleno.
5:10 of 1st period - Shot by Nick Bjugstad.
5:10 of 1st period - Shot Misses the Net.
5:16 of 1st period - Shot by Curtis Lazar.
5:16 of 1st period - Shot Misses the Net.
5:18 of 1st period - Shot by Nick Bjugstad.
5:18 of 1st period - Shot Misses the Net.
5:40 of 1st period - Shot by Alex Tuch.
5:40 of 1st period - Stopped by Jordan Binnington without a rebound.
5:41 of 1st period - Phillip Danault wins face-off versus Tage Thompson in MONTREAL Canadiens zone.
5:48 of 1st period - Minor Penalty to Marco Scandella for Interference.
5:49 of 1st period - Phillip Danault wins face-off versus Jack Eichel in MONTREAL Canadiens zone.
6:06 of 1st period - Shot by Ivan Provorov.
6:06 of 1st period - Stopped by Jordan Binnington with a rebound.
6:08 of 1st period - Shot by Ivan Provorov.
6:08 of 1st period - Stopped by Jordan Binnington without a rebound.
6:09 of 1st period - Nico Hischier wins face-off versus Phillip Danault in MONTREAL Canadiens zone.
6:42 of 1st period - Shot by Filip Hronek.
6:42 of 1st period - Stopped by Jordan Binnington with a rebound.
6:44 of 1st period - Shot by Nico Hischier.
6:44 of 1st period - Stopped by Jordan Binnington without a rebound.
6:45 of 1st period - Jack Eichel wins face-off versus Anthony Beauvillier in MONTREAL Canadiens zone.
7:00 of 1st period - Shot by Jonas Brodin.
7:00 of 1st period - Shot Misses the Net.
8:02 of 1st period - Shot by Ryan Graves.
8:02 of 1st period - Shot Blocked by Noah Dobson.
8:04 of 1st period - Shot by Ryan Graves.
8:04 of 1st period - Goal by Ryan Graves - MONTREAL Canadiens : 0 - BUFFALO Sabres : 1.
8:05 of 1st period - Nick Bjugstad wins face-off versus Joe Veleno in neutral zone.
8:26 of 1st period - Shot by Curtis Lazar.
8:26 of 1st period - Deflect By Mason McTavish.
8:26 of 1st period - Shot Blocked by Noah Dobson.
8:52 of 1st period - Nick Bjugstad is hit by William Carrier and loses puck.
9:21 of 1st period - Shot by Anthony Beauvillier.
9:21 of 1st period - Deflect By Pierre-Luc Dubois.
9:21 of 1st period - Shot Blocked by Filip Hronek.
9:34 of 1st period - Icing by Filip Hronek.
9:35 of 1st period - Phillip Danault wins face-off versus Nico Hischier in BUFFALO Sabres zone.
10:18 of 1st period - Off-side.
10:19 of 1st period - Logan O'Connor wins face-off versus Pierre-Luc Dubois in neutral zone.
10:46 of 1st period - Pierre-Luc Dubois is hit by Logan O'Connor and loses puck.
10:59 of 1st period - Shot by Tage Thompson.
10:59 of 1st period - Goal by Tage Thompson - MONTREAL Canadiens : 0 - BUFFALO Sabres : 2.
11:00 of 1st period - Nicolas Roy wins face-off versus Jack Eichel in neutral zone.
11:02 of 1st period - Michael Amadio is hit by Ivan Provorov and loses puck.
11:53 of 1st period - Shot by Marco Scandella.
11:53 of 1st period - Stopped by Igor Shesterkin without a rebound.
11:54 of 1st period - Tage Thompson wins face-off versus Phillip Danault in BUFFALO Sabres zone.
11:54 of 1st period - Tage Thompson is hit by Phillip Danault.
12:21 of 1st period - Logan O'Connor is hit by Phillip Danault and loses puck.
12:34 of 1st period - Shot by Phillip Danault.
12:34 of 1st period - Stopped by Igor Shesterkin without a rebound.
12:35 of 1st period - Nico Hischier wins face-off versus Pierre-Luc Dubois in BUFFALO Sabres zone.
12:35 of 1st period - Nico Hischier is hit by Anthony Beauvillier.
13:51 of 1st period - Nicolas Roy is hit by Jonas Brodin and loses puck.
13:55 of 1st period - Nicolas Roy is hit by Jonas Brodin.
14:06 of 1st period - Shot by Alexis Lafrenière.
14:06 of 1st period - Stopped by Igor Shesterkin without a rebound.
14:07 of 1st period - Zach Parise wins face-off versus Tage Thompson in BUFFALO Sabres zone.
14:20 of 1st period - Shot by Tage Thompson.
14:20 of 1st period - Stopped by Jordan Binnington without a rebound.
14:21 of 1st period - Joe Veleno wins face-off versus Nick Bjugstad in MONTREAL Canadiens zone.
14:42 of 1st period - Minor Penalty to David Savard for Interference.
14:43 of 1st period - Jack Eichel wins face-off versus Phillip Danault in MONTREAL Canadiens zone.
15:07 of 1st period - Marc-Edouard Vlasic is hit by Jack Eichel and loses puck.
15:19 of 1st period - Icing by Jack Eichel.
15:20 of 1st period - Jack Eichel wins face-off versus Joe Veleno in BUFFALO Sabres zone.
15:38 of 1st period - Jack Eichel is hit by Jeremy Lauzon and loses puck.
16:02 of 1st period - Jonas Brodin is hit by Mike Matheson.
16:24 of 1st period - Shot by Jonas Brodin.
16:24 of 1st period - Stopped by Jordan Binnington without a rebound.
16:25 of 1st period - Joe Veleno wins face-off versus Jack Eichel in MONTREAL Canadiens zone.
16:31 of 1st period - Icing by Ryan Graves.
16:32 of 1st period - Jack Eichel wins face-off versus Joe Veleno in BUFFALO Sabres zone.
16:32 of 1st period - Jack Eichel is hit by Joe Veleno.
16:39 of 1st period - Off-side.
16:40 of 1st period - Phillip Danault wins face-off versus Nico Hischier in neutral zone.
16:40 of 1st period - Nicolas Roy is hit by Valeri Nichushkin and loses puck.
16:45 of 1st period - Shot by Mason McTavish.
16:45 of 1st period - Shot Misses the Net.
16:47 of 1st period - Shot by Nick Bjugstad.
16:47 of 1st period - Shot Misses the Net.
16:52 of 1st period - Icing by Noah Dobson.
16:53 of 1st period - Pierre-Luc Dubois wins face-off versus Jack Eichel in MONTREAL Canadiens zone.
16:58 of 1st period - Filip Hronek is hit by Cole Caufield and loses puck.
17:34 of 1st period - Shot by Pierre-Luc Dubois.
17:34 of 1st period - Stopped by Igor Shesterkin without a rebound.
17:35 of 1st period - Nico Hischier wins face-off versus Phillip Danault in BUFFALO Sabres zone.
17:42 of 1st period - Shot by Jesper Bratt.
17:42 of 1st period - Shot Misses the Net.
17:48 of 1st period - Shot by Zach Parise.
17:48 of 1st period - Goal by Zach Parise - MONTREAL Canadiens : 1 - BUFFALO Sabres : 2.
17:49 of 1st period - Nicolas Roy wins face-off versus Tage Thompson in neutral zone.
18:02 of 1st period - Nicolas Roy is hit by Logan O'Connor and loses puck.
18:34 of 1st period - Ivan Provorov is hit by Nicolas Roy and loses puck.
18:55 of 1st period - David Savard is hit by Logan O'Connor and loses puck.
19:05 of 1st period - Icing by Phillip Danault.
19:06 of 1st period - Phillip Danault wins face-off versus Jack Eichel in MONTREAL Canadiens zone.
19:23 of 1st period - Shot by Alex Tuch.
19:23 of 1st period - Deflect By Jack Eichel.
19:23 of 1st period - Goal by Jack Eichel - MONTREAL Canadiens : 1 - BUFFALO Sabres : 3.
19:24 of 1st period - Pierre-Luc Dubois wins face-off versus Valeri Nichushkin in neutral zone.
19:46 of 1st period - Jesper Bratt is hit by Mike Matheson and loses puck.
19:53 of 1st period - Shot by Valeri Nichushkin.
19:53 of 1st period - Shot Misses the Net.
19:55 of 1st period - Shot by Jakob Chychrun.
19:55 of 1st period - Shot Blocked by Noah Dobson.
19:57 of 1st period - Shot by Jesper Bratt.
19:57 of 1st period - Stopped by Jordan Binnington without a rebound.
19:58 of 1st period - Jack Eichel wins face-off versus Phillip Danault in MONTREAL Canadiens zone.
19:59 of 1st period - Shot by Ryan Graves.
19:59 of 1st period - Stopped by Jordan Binnington without a rebound.
Goals for this period are 1 for MONTREAL Canadiens vs 3 for BUFFALO Sabres.
Shots for this period are 8 for MONTREAL Canadiens vs 13 for BUFFALO Sabres.

2nd period


0:01 of 2nd period - Jack Eichel wins face-off versus Pierre-Luc Dubois in neutral zone.
0:03 of 2nd period - Alex Tuch is hit by Pierre-Luc Dubois and loses puck.
0:35 of 2nd period - Icing by Anthony Beauvillier.
0:36 of 2nd period - Nico Hischier wins face-off versus Anthony Beauvillier in MONTREAL Canadiens zone.
0:37 of 2nd period - Shot by Jesper Bratt.
0:37 of 2nd period - Shot Blocked by Marc-Edouard Vlasic.
0:40 of 2nd period - Minor Penalty to Jesper Bratt for Delaying the game.
0:41 of 2nd period - Nico Hischier wins face-off versus Phillip Danault in BUFFALO Sabres zone.
0:56 of 2nd period - Shot by Noah Dobson.
0:56 of 2nd period - Stopped by Igor Shesterkin without a rebound.
0:57 of 2nd period - Pierre-Luc Dubois wins face-off versus Nico Hischier in BUFFALO Sabres zone.
0:57 of 2nd period - Pierre-Luc Dubois is hit by Brett Kulak.
1:13 of 2nd period - Shot by Mike Matheson.
1:13 of 2nd period - Deflect By Anthony Beauvillier.
1:13 of 2nd period - Stopped by Igor Shesterkin with a rebound.
1:27 of 2nd period - Shot by Anthony Beauvillier.
1:27 of 2nd period - Stopped by Igor Shesterkin with a rebound.
2:18 of 2nd period - Icing by Marc-Edouard Vlasic.
2:19 of 2nd period - Phillip Danault wins face-off versus Nico Hischier in MONTREAL Canadiens zone.
3:36 of 2nd period - Anthony Beauvillier is hit by Seth Jarvis and loses puck.
3:47 of 2nd period - Shot by Mike Matheson.
3:47 of 2nd period - Stopped by Igor Shesterkin without a rebound.
3:48 of 2nd period - Nicolas Roy wins face-off versus Nick Bjugstad in BUFFALO Sabres zone.
4:44 of 2nd period - Shot by Valeri Nichushkin.
4:44 of 2nd period - Shot Misses the Net.
4:46 of 2nd period - Shot by Jakob Chychrun.
4:46 of 2nd period - Shot Misses the Net.
4:48 of 2nd period - Shot by Nico Hischier.
4:48 of 2nd period - Shot Misses the Net.
4:50 of 2nd period - Shot by Nico Hischier.
4:50 of 2nd period - Stopped by Jordan Binnington without a rebound.
4:51 of 2nd period - Tage Thompson wins face-off versus Zach Parise in MONTREAL Canadiens zone.
5:04 of 2nd period - Shot by Logan O'Connor.
5:04 of 2nd period - Stopped by Jordan Binnington without a rebound.
5:05 of 2nd period - Jack Eichel wins face-off versus Pierre-Luc Dubois in MONTREAL Canadiens zone.
5:10 of 2nd period - Shot by Alex Tuch.
5:10 of 2nd period - Shot Blocked by Anthony Beauvillier.
5:13 of 2nd period - Icing by Mike Matheson.
5:14 of 2nd period - Nico Hischier wins face-off versus Pierre-Luc Dubois in MONTREAL Canadiens zone.
5:17 of 2nd period - Shot by Valeri Nichushkin.
5:17 of 2nd period - Shot Blocked by Mike Matheson.
5:34 of 2nd period - Icing by Jonas Brodin.
5:35 of 2nd period - Nico Hischier wins face-off versus Phillip Danault in BUFFALO Sabres zone.
5:50 of 2nd period - Shot by Valeri Nichushkin.
5:50 of 2nd period - Stopped by Jordan Binnington without a rebound.
5:51 of 2nd period - Jack Eichel wins face-off versus Pierre-Luc Dubois in MONTREAL Canadiens zone.
6:03 of 2nd period - Shot by Alex Tuch.
6:03 of 2nd period - Goal by Alex Tuch - MONTREAL Canadiens : 1 - BUFFALO Sabres : 4.
6:04 of 2nd period - Phillip Danault wins face-off versus Tage Thompson in neutral zone.
6:27 of 2nd period - Icing by Zach Parise.
6:28 of 2nd period - Phillip Danault wins face-off versus Jack Eichel in MONTREAL Canadiens zone.
7:09 of 2nd period - Shot by Alex Tuch.
7:09 of 2nd period - Stopped by Jordan Binnington without a rebound.
7:10 of 2nd period - Pierre-Luc Dubois wins face-off versus Nico Hischier in MONTREAL Canadiens zone.
7:38 of 2nd period - Shot by Pierre-Luc Dubois.
7:38 of 2nd period - Shot Misses the Net.
7:40 of 2nd period - Shot by Cole Caufield.
7:40 of 2nd period - Goal by Cole Caufield - MONTREAL Canadiens : 2 - BUFFALO Sabres : 4.
7:41 of 2nd period - Patrick Kane wins face-off versus Nicolas Roy in neutral zone.
7:57 of 2nd period - Shot by Alexis Lafrenière.
7:57 of 2nd period - Stopped by Igor Shesterkin without a rebound.
7:58 of 2nd period - Phillip Danault wins face-off versus Jack Eichel in BUFFALO Sabres zone.
8:31 of 2nd period - Shot by Alex Tuch.
8:31 of 2nd period - Shot Misses the Net.
8:33 of 2nd period - Shot by Seth Jarvis.
8:33 of 2nd period - Shot Misses the Net.
8:35 of 2nd period - Shot by Seth Jarvis.
8:35 of 2nd period - Stopped by Jordan Binnington without a rebound.
8:36 of 2nd period - Nico Hischier wins face-off versus Pierre-Luc Dubois in MONTREAL Canadiens zone.
8:59 of 2nd period - Minor Penalty to Anthony Beauvillier for Interference.
9:00 of 2nd period - Phillip Danault wins face-off versus Jack Eichel in MONTREAL Canadiens zone.
9:15 of 2nd period - Shot by Ryan Graves.
9:15 of 2nd period - Shot Blocked by Marc-Edouard Vlasic.
9:31 of 2nd period - Shot by Alex Tuch.
9:31 of 2nd period - Shot Misses the Net.
9:33 of 2nd period - Shot by Filip Hronek.
9:33 of 2nd period - Stopped by Jordan Binnington without a rebound.
9:34 of 2nd period - Phillip Danault wins face-off versus Nico Hischier in MONTREAL Canadiens zone.
10:20 of 2nd period - Shot by Valeri Nichushkin.
10:20 of 2nd period - Stopped by Jordan Binnington without a rebound.
10:21 of 2nd period - Jack Eichel wins face-off versus Phillip Danault in MONTREAL Canadiens zone.
10:22 of 2nd period - Shot by Patrick Kane.
10:22 of 2nd period - Deflect By Alex Tuch.
10:22 of 2nd period - Stopped by Jordan Binnington with a rebound.
10:24 of 2nd period - Shot by Filip Hronek.
10:24 of 2nd period - Stopped by Jordan Binnington with a rebound.
10:26 of 2nd period - Shot by Patrick Kane.
10:26 of 2nd period - Shot Blocked by Jeremy Lauzon.
10:28 of 2nd period - Shot by Ryan Graves.
10:28 of 2nd period - Shot Misses the Net.
10:30 of 2nd period - Shot by Ryan Graves.
10:30 of 2nd period - Stopped by Jordan Binnington without a rebound.
10:31 of 2nd period - Phillip Danault wins face-off versus Patrick Kane in MONTREAL Canadiens zone.
10:40 of 2nd period - Phillip Danault is hit by Jack Eichel and loses puck.
11:56 of 2nd period - Icing by Brett Kulak.
11:57 of 2nd period - Nicolas Roy wins face-off versus Nick Bjugstad in BUFFALO Sabres zone.
12:40 of 2nd period - Seth Jarvis is hit by Marc-Edouard Vlasic and loses puck.
13:03 of 2nd period - Shot by Ivan Provorov.
13:03 of 2nd period - Shot Misses the Net.
14:18 of 2nd period - Minor Penalty to Jeremy Lauzon for Tripping.
14:19 of 2nd period - Jack Eichel wins face-off versus Joe Veleno in MONTREAL Canadiens zone.
15:49 of 2nd period - Shot by Alex Tuch.
15:49 of 2nd period - Stopped by Jordan Binnington without a rebound.
15:50 of 2nd period - Alexis Lafrenière wins face-off versus Jack Eichel in MONTREAL Canadiens zone.
16:28 of 2nd period - Off-side.
16:29 of 2nd period - Nick Bjugstad wins face-off versus Pierre-Luc Dubois in neutral zone.
16:36 of 2nd period - Shot by Mason McTavish.
16:36 of 2nd period - Deflect By Nick Bjugstad.
16:36 of 2nd period - Shot Misses the Net.
16:46 of 2nd period - Shot by Anthony Beauvillier.
16:46 of 2nd period - Deflect By Pierre-Luc Dubois.
16:46 of 2nd period - Stopped by Igor Shesterkin without a rebound.
16:47 of 2nd period - Nico Hischier wins face-off versus Joe Veleno in BUFFALO Sabres zone.
16:56 of 2nd period - Shot by Nico Hischier.
16:56 of 2nd period - Shot Misses the Net.
17:03 of 2nd period - Valeri Nichushkin is hit by David Savard and loses puck.
18:07 of 2nd period - Shot by Cole Caufield.
18:07 of 2nd period - Shot Misses the Net.
18:30 of 2nd period - Phillip Danault is hit by Brett Kulak and loses puck.
18:39 of 2nd period - Shot by Zach Parise.
18:39 of 2nd period - Stopped by Igor Shesterkin without a rebound.
18:40 of 2nd period - Nicolas Roy wins face-off versus Jack Eichel in BUFFALO Sabres zone.
18:47 of 2nd period - Seth Jarvis is hit by Michael Amadio and loses puck.
19:01 of 2nd period - Shot by Jack Eichel.
19:01 of 2nd period - Shot Misses the Net.
19:03 of 2nd period - Shot by Alex Tuch.
19:03 of 2nd period - Deflect By Jack Eichel.
19:03 of 2nd period - Shot Misses the Net.
19:05 of 2nd period - Shot by Jonas Brodin.
19:05 of 2nd period - Shot Misses the Net.
19:06 of 2nd period - Minor Penalty to David Savard for Holding.
19:07 of 2nd period - Nico Hischier wins face-off versus Phillip Danault in MONTREAL Canadiens zone.
19:13 of 2nd period - Nico Hischier is hit by Jeremy Lauzon and loses puck.
Goals for this period are 1 for MONTREAL Canadiens vs 1 for BUFFALO Sabres.
Shots for this period are 8 for MONTREAL Canadiens vs 12 for BUFFALO Sabres.

3rd period


0:01 of 3rd period - Phillip Danault wins face-off versus Patrick Kane in neutral zone.
0:01 of 3rd period - Marc-Edouard Vlasic is hit by Alex Tuch and loses puck.
0:15 of 3rd period - Shot by Jonas Brodin.
0:15 of 3rd period - Stopped by Jordan Binnington without a rebound.
0:16 of 3rd period - Nico Hischier wins face-off versus Phillip Danault in MONTREAL Canadiens zone.
0:43 of 3rd period - Shot by Jesper Bratt.
0:43 of 3rd period - Stopped by Jordan Binnington without a rebound.
0:44 of 3rd period - Nicolas Roy wins face-off versus Jack Eichel in MONTREAL Canadiens zone.
0:44 of 3rd period - Nicolas Roy is hit by Patrick Kane.
1:04 of 3rd period - Shot by Jonas Brodin.
1:04 of 3rd period - Shot Misses the Net.
1:19 of 3rd period - Cole Caufield is hit by Brett Kulak and loses puck.
1:31 of 3rd period - Brett Kulak is hit by Jeremy Lauzon and loses puck.
2:34 of 3rd period - Shot by Zach Parise.
2:34 of 3rd period - Stopped by Igor Shesterkin without a rebound.
2:35 of 3rd period - Nico Hischier wins face-off versus Nicolas Roy in BUFFALO Sabres zone.
2:55 of 3rd period - Icing by Ryan Graves.
2:56 of 3rd period - Nico Hischier wins face-off versus Anthony Mantha in BUFFALO Sabres zone.
3:00 of 3rd period - Icing by Filip Hronek.
3:01 of 3rd period - Nico Hischier wins face-off versus Phillip Danault in BUFFALO Sabres zone.
3:01 of 3rd period - Nico Hischier is hit by Anthony Mantha.
3:09 of 3rd period - Shot by Phillip Danault.
3:09 of 3rd period - Stopped by Igor Shesterkin with a rebound.
3:33 of 3rd period - Shot by David Savard.
3:33 of 3rd period - Stopped by Igor Shesterkin without a rebound.
3:34 of 3rd period - Jack Eichel wins face-off versus Pierre-Luc Dubois in BUFFALO Sabres zone.
3:43 of 3rd period - Mike Matheson is hit by Seth Jarvis.
3:44 of 3rd period - Icing by Mike Matheson.
3:45 of 3rd period - Logan O'Connor wins face-off versus Pierre-Luc Dubois in MONTREAL Canadiens zone.
3:46 of 3rd period - Shot by Patrick Kane.
3:46 of 3rd period - Stopped by Jordan Binnington with a rebound.
3:51 of 3rd period - Off-side.
3:52 of 3rd period - Pierre-Luc Dubois wins face-off versus Jack Eichel in neutral zone.
3:55 of 3rd period - Ivan Provorov is hit by Anthony Beauvillier and loses puck.
4:14 of 3rd period - Shot by Alex Tuch.
4:14 of 3rd period - Stopped by Jordan Binnington with a rebound.
4:16 of 3rd period - Shot by Jonas Brodin.
4:16 of 3rd period - Shot Misses the Net.
4:17 of 3rd period - Minor Penalty to Marc-Edouard Vlasic for Roughing.
4:18 of 3rd period - Nico Hischier wins face-off versus Phillip Danault in MONTREAL Canadiens zone.
4:19 of 3rd period - Shot by Ryan Graves.
4:19 of 3rd period - Stopped by Jordan Binnington without a rebound.
4:20 of 3rd period - Phillip Danault wins face-off versus Valeri Nichushkin in MONTREAL Canadiens zone.
4:35 of 3rd period - Shot by Filip Hronek.
4:35 of 3rd period - Stopped by Jordan Binnington without a rebound.
4:36 of 3rd period - Jack Eichel wins face-off versus Phillip Danault in MONTREAL Canadiens zone.
4:37 of 3rd period - Shot by Ivan Provorov.
4:37 of 3rd period - Stopped by Jordan Binnington without a rebound.
4:38 of 3rd period - Phillip Danault wins face-off versus Alex Tuch in MONTREAL Canadiens zone.
4:38 of 3rd period - Minor Penalty to Alex Tuch for Holding Stick.
4:39 of 3rd period - Nico Hischier wins face-off versus Pierre-Luc Dubois in BUFFALO Sabres zone.
4:39 of 3rd period - Nico Hischier is hit by Cole Caufield.
4:51 of 3rd period - Shot by Nico Hischier.
4:51 of 3rd period - Shot Misses the Net.
5:47 of 3rd period - Icing by Noah Dobson.
5:48 of 3rd period - Pierre-Luc Dubois wins face-off versus Nico Hischier in MONTREAL Canadiens zone.
5:50 of 3rd period - Icing by Noah Dobson.
5:51 of 3rd period - Nico Hischier wins face-off versus Pierre-Luc Dubois in MONTREAL Canadiens zone.
6:31 of 3rd period - Shot by Phillip Danault.
6:31 of 3rd period - Shot Blocked by Logan O'Connor.
6:33 of 3rd period - Shot by Marc-Edouard Vlasic.
6:33 of 3rd period - Goal by Marc-Edouard Vlasic - MONTREAL Canadiens : 3 - BUFFALO Sabres : 4.
6:34 of 3rd period - Joe Veleno wins face-off versus Jack Eichel in neutral zone.
7:04 of 3rd period - Arthur Kaliyev is hit by Brett Kulak and loses puck.
7:45 of 3rd period - Icing by Jakob Chychrun.
7:46 of 3rd period - Jack Eichel wins face-off versus Anthony Beauvillier in BUFFALO Sabres zone.
8:10 of 3rd period - Shot by Nico Hischier.
8:10 of 3rd period - Stopped by Jordan Binnington without a rebound.
8:11 of 3rd period - Phillip Danault wins face-off versus Tage Thompson in MONTREAL Canadiens zone.
9:18 of 3rd period - Ivan Provorov is hit by Noah Dobson and loses puck.
9:39 of 3rd period - Icing by Jonas Brodin.
9:40 of 3rd period - Nicolas Roy wins face-off versus Jesper Bratt in BUFFALO Sabres zone.
9:59 of 3rd period - Shot by Nicolas Roy.
9:59 of 3rd period - Shot Misses the Net.
10:30 of 3rd period - Minor Penalty to Jack Eichel for Roughing.
10:31 of 3rd period - Pierre-Luc Dubois wins face-off versus Nico Hischier in BUFFALO Sabres zone.
10:48 of 3rd period - Shot by Anthony Beauvillier.
10:48 of 3rd period - Shot Misses the Net.
11:32 of 3rd period - Shot by Zach Parise.
11:32 of 3rd period - Stopped by Igor Shesterkin without a rebound.
11:33 of 3rd period - Nick Bjugstad wins face-off versus Phillip Danault in BUFFALO Sabres zone.
12:00 of 3rd period - Shot by Zach Parise.
12:00 of 3rd period - Shot Misses the Net.
12:02 of 3rd period - Shot by David Savard.
12:02 of 3rd period - Shot Misses the Net.
12:36 of 3rd period - Shot by Jack Eichel.
12:36 of 3rd period - Shot Blocked by Jeremy Lauzon.
12:50 of 3rd period - Shot by Joe Veleno.
12:50 of 3rd period - Goal by Joe Veleno - MONTREAL Canadiens : 4 - BUFFALO Sabres : 4.
12:51 of 3rd period - Cole Caufield wins face-off versus Nico Hischier in neutral zone.
14:08 of 3rd period - Mason McTavish is hit by Marc-Edouard Vlasic.
15:17 of 3rd period - Michael Amadio is hit by Ryan Graves and loses puck.
16:05 of 3rd period - Shot by Tage Thompson.
16:05 of 3rd period - Stopped by Jordan Binnington without a rebound.
16:06 of 3rd period - Nico Hischier wins face-off versus Pierre-Luc Dubois in MONTREAL Canadiens zone.
16:13 of 3rd period - Shot by Ivan Provorov.
16:13 of 3rd period - Stopped by Jordan Binnington without a rebound.
16:14 of 3rd period - Pierre-Luc Dubois wins face-off versus Nico Hischier in MONTREAL Canadiens zone.
17:23 of 3rd period - Shot by Patrick Kane.
17:23 of 3rd period - Stopped by Jordan Binnington without a rebound.
17:24 of 3rd period - Jack Eichel wins face-off versus Phillip Danault in MONTREAL Canadiens zone.
18:37 of 3rd period - Shot by Tage Thompson.
18:37 of 3rd period - Stopped by Jordan Binnington without a rebound.
18:38 of 3rd period - Joe Veleno wins face-off versus Nico Hischier in MONTREAL Canadiens zone.
18:38 of 3rd period - Joe Veleno is hit by Jesper Bratt.
18:52 of 3rd period - Shot by Jesper Bratt.
18:52 of 3rd period - Shot Misses the Net.
18:58 of 3rd period - Shot by Jesper Bratt.
18:58 of 3rd period - Goal by Jesper Bratt - MONTREAL Canadiens : 4 - BUFFALO Sabres : 5.
18:59 of 3rd period - Tage Thompson wins face-off versus Pierre-Luc Dubois in neutral zone.
19:17 of 3rd period - Anthony Beauvillier is hit by Brett Kulak and loses puck.
19:21 of 3rd period - Icing by Patrick Kane.
19:22 of 3rd period - Tage Thompson wins face-off versus Pierre-Luc Dubois in BUFFALO Sabres zone.
19:35 of 3rd period - Shot by Tage Thompson.
19:35 of 3rd period - Stopped by Jordan Binnington without a rebound.
19:36 of 3rd period - Nico Hischier wins face-off versus Cole Caufield in MONTREAL Canadiens zone.
19:51 of 3rd period - Shot by Nico Hischier.
19:51 of 3rd period - Shot Misses the Net.
19:57 of 3rd period - MONTREAL Canadiens, Jordan Binnington is pulled from the net.
Goals for this period are 2 for MONTREAL Canadiens vs 1 for BUFFALO Sabres.
Shots for this period are 6 for MONTREAL Canadiens vs 14 for BUFFALO Sabres. Output by the SimonT Hockey Simulator (STHS) for Martin Benoit - Original Page W3C HTML5 Valid
Hockey Simulator - Hockey Simulation - Hockey Manager